 Dungeon Crawl Stone Soup version 0.25-a0-1119-g28b6fd0c3b (webtiles) character file.

Game seed: 6474850968970504168, levelgen mode: deterministic

8985 Esekla the Thaumaturge (level 11, 0/72 HPs)
             Began as an Octopode Wizard on May 17, 2020.
             Was a Priest of Qazlal.
             Slain by an unseen horror (10 damage)
             ... on level 10 of the Dungeon.
             The game lasted 01:52:55 (14238 turns).

Esekla the Thaumaturge (Octopode Wizard)           Turns: 14238, Time: 01:52:56

Health: 0/72       AC:  1    Str:  7    XL:     11   Next: 39%
Magic:  22/23      EV: 20    Int: 23    God:    Qazlal [***...]
Gold:   589        SH:  4    Dex: 17    Spells: 6/26 levels left

rFire    . . .     SeeInvis .   a - +2 battleaxe (vamp)
rCold    . . .     Gourm    .   (shield currently unavailable)
rNeg     . . .     Faith    .   I - +0 hat
rPois    .         Spirit   .   E - amulet of magic regeneration
rElec    .         Reflect  .   e - +4 ring of evasion
rCorr    .         Harm     .   k - +6 ring of dexterity
MR       .....                  (no ring)
Stlth    ++........             (no ring)
HPRegen  0.22/turn              (no ring)
MPRegen  0.43/turn              (no ring)
                                (no ring)
                                (no ring)

@: no status effects
A: almost no armour, stealthy swim, amphibious, 8 rings, constrict 8, camouflage
1, gelatinous body 1
a: Upheaval, Elemental Force, Renounce Religion


You were on level 10 of the Dungeon.
You worshipped Qazlal.
Qazlal was most pleased with you.
You were not hungry.

You visited 2 branches of the dungeon, and saw 11 of its levels.

You collected 589 gold pieces.

Inventory:

Hand Weapons
 a - a +2 vampiric battleaxe (weapon)
 f - a +2 scimitar of flaming
 l - a cursed +5 long sword
 p - a +2 mace of protection
 s - a +5 scimitar
 t - a +4 trident of freezing
 v - a +2 dagger of venom
 D - a +5 spear
Missiles
 w - 10 boomerangs
 y - 15 poisoned darts (quivered)
 C - 11 curare-tipped darts
Armour
 I - a +0 hat (worn)
Jewellery
 e - a +4 ring of evasion (left tentacle)
 h - an uncursed amulet of guardian spirit
 k - a +6 ring of dexterity (right tentacle)
 E - an amulet of magic regeneration (around mantle)
Wands
 A - a wand of paralysis (12)
 B - a wand of digging (4)
 F - a wand of iceblast (4)
Scrolls
 d - a scroll of noise
 i - 3 scrolls of identify
 j - 3 scrolls of teleportation
 o - a scroll of amnesia
 r - 5 scrolls of remove curse
 G - 3 scrolls of magic mapping
Potions
 b - 8 potions of curing
 g - a potion of might {unknown}
 m - a potion of mutation
 n - a potion of heal wounds
 u - 3 potions of flight {unknown}
 x - a potion of stabbing {unknown}
 z - a potion of haste
 H - a potion of ambrosia
 J - a potion of lignification
Comestibles
 c - 18 rations


   Skills:
 + Level 5.4 Fighting
 + Level 0.1(4.7) Short Blades
 + Level 7.8 Long Blades
 * Level 1.6(2.0) Axes
 - Level 0.7(1.3) Maces & Flails
 + Level 1.0(1.5) Polearms
 - Level 3.2 Throwing
 + Level 5.2 Dodging
 - Level 2.6 Stealth
 * Level 8.1 Spellcasting
 + Level 4.7 Conjurations
 * Level 1.1 Hexes
 * Level 1.5 Charms
   Level 1.0 Summonings
 + Level 2.9 Translocations
 + Level 2.4 Fire Magic
 + Level 4.7 Air Magic
 + Level 6.3 Poison Magic
 * Level 2.0 Evocations


You had 6 spell levels left.
You knew the following spells:

 Your Spells              Type           Power        Failure   Level  Hunger
a - Magic Dart            Conj           ####         1%          1    None
b - Blink                 Tloc           N/A          3%          2    None
c - Mephitic Cloud        Conj/Pois/Air  ####....     2%          3    None
d - Tukima's Dance        Hex            ##......     13%         3    None
e - Infusion              Chrm           ###.         3%          1    None
f - Conjure Flame         Conj/Fire      ####....     4%          3    None
i - Corona                Hex            ##.....      4%          1    None
v - Poisonous Vapours     Pois/Air       ####..       1%          2    None
x - Olgreb's Toxic Radia  Pois           #####...     4%          4    ###....

Your spell library contained the following spells:

 Spells                   Type           Power        Failure   Level  Hunger
 Sting                    Tmut/Pois      ###.         1%          1    None
 Slow                     Hex            ##......     6%          2    None
 Dazzling Flash           Conj/Hex       ###...       6%          3    None
 Ignite Poison            Fire/Tmut/Pois ###.....     6%          3    None
 Call Imp                 Summ           ##......     7%          2    None
 Ensorcelled Hibernation  Hex/Ice        ##....       9%          2    None
 Confusing Touch          Hex            ##......     13%         3    None
 Leda's Liquefaction      Hex/Erth       ##........   47%         4    ###....
 Iskenderun's Battlesphe  Conj/Chrm      ###.....     47%         5    #####..


Dungeon Overview and Level Annotations

Branches:
Dungeon (10/15)            Temple (1/1) D:6            Lair (0/6) D:9
    Orc: D:9-12

Altars:
Ashenzari
Cheibriados
Dithmenos
Elyvilon
Fedhas
Hepliaklqana
Makhleb
Nemelex Xobeh
Okawaru
Qazlal
Trog
Uskayaw
Vehumet
Wu Jian
Xom
Yredelemnul
Zin
The Shining One

Shops:
D:6 }

Annotations:
D:6 2 transporters, exclusion: oklob plant


Innate Abilities, Weirdness & Mutations

You cannot wear most types of armour.
You are very stealthy in the water. (Stealth+)
You are amphibious.
You can wear up to eight rings at the same time.
You can use your tentacles to constrict eight enemies at once.
Your skin changes colour to match your surroundings (Stealth+).
Your rubbery body absorbs attacks. (AC +1, EV +1)


Message History

Something barely misses you.
Items here: )) [[ a +0 hand axe; a +0 leather armour; a +0 club; a +0 chain mail Something closely misses you.
You see here a hound corpse.
Something hits you. x2
Something hits you. Something hits you! You block something's attack.
Something hits you. Something hits you! Something hits you.
Something closely misses you. Something hits you!
* * * LOW HITPOINT WARNING * * *
Casting: Mephitic Cloud (mildly dangerous; 2% risk of failure)
Confirm with . or Enter, or press ? or * to list all spells.
Aiming: Corona (safe; 4% risk of failure)
Press: ? - help, Shift-Dir - straight line Nothing appears to happen.
Something hits you!
* * * LOW HITPOINT WARNING * * *
Something hits you!
You die...

#......#...#.#
#......#####.#
#............#
#..............#
###..............#
#....#######......
###..# ...... #..#
...... #@## .....
#.# ..### #.# #.#
##+#####.#
.........#
##....†.########..
#.....)).)......)
#.......)........


There were no monsters in sight!

Vanquished Creatures
  A two-headed ogre (D:9)
  Erica (D:8)
  A deep elf mage (D:9)
  A manticore (D:9)
  Maurice (D:9)
  A hornet (D:7)
  Grinder (D:4)
  2 hippogriffs
  2 yaks
  2 wyverns (D:9)
  A hungry ghost (D:9)
  A human (D:7)
  3 hogs (D:7)
  Menkaure (D:7)
  4 sky beasts
  A black bear (D:9)
  An eye of draining (D:9)
  5 orc warriors
  2 phantoms
  2 ice beasts (D:7)
  An ogre (D:4)
  6 centaurs
  A big kobold (D:8)
  8 bullfrogs
  2 scorpions
  14 wights
  5 killer bees
  A bullfrog zombie (D:9)
  2 quasits
  2 crimson imps (D:9)
  A centaur zombie (D:5)
  4 hounds
  7 orc priests
  A bullfrog skeleton (D:7)
  Ijyb (D:2)
  4 iguanas
  8 orc wizards
  7 worker ants
  A killer bee zombie (D:5)
  A hound zombie (D:7)
  A worker ant zombie (D:5)
  7 gnolls
  15 adders
  A shadow imp (D:5)
  A worker ant simulacrum (D:9)
  An ooze (D:1)
  An adder zombie (D:5)
  A worm (D:5)
  5 dart slugs
  5 leopard geckos
  29 orcs
  4 ball pythons
  5 bats
  8 giant cockroaches
  11 goblins
  2 hobgoblins
  13 jackals
  4 quokkas
  3 frilled lizards (D:3)
  A giant cockroach zombie (D:5)
  A jackal skeleton (D:7)
  4 kobolds
  7 rats
241 creatures vanquished.

Notes
Turn   | Place    | Note
-------+----------+-------------------------------------------
     0 | D:1      | Esekla the Octopode Wizard began the quest for the Orb.
     0 | D:1      | Reached XP level 1. HP: 11/11 MP: 4/4
   253 | D:1      | Reached XP level 2. HP: 13/17 MP: 0/6
   330 | D:1      | Learned a level 2 spell: Blink
   661 | D:2      | Found a hazy altar of Hepliaklqana.
   735 | D:2      | Reached XP level 3. HP: 12/22 MP: 0/8
  1014 | D:3      | Learned a level 3 spell: Mephitic Cloud
  1018 | D:3      | Learned a level 3 spell: Conjure Flame
  1592 | D:4      | Reached XP level 4. HP: 15/27 MP: 2/9
  1759 | D:4      | Noticed an ogre
  1854 | D:5      | Entered Level 5 of the Dungeon
  1854 | D:5      | Noticed an ogre
  2105 | D:3      | Found a snail-covered altar of Cheibriados.
  2318 | D:4      | Noticed Grinder
  2330 | D:4      | Killed Grinder
  2330 | D:4      | Reached skill level 1 in Fighting
  2330 | D:4      | Reached skill level 1 in Long Blades
  2330 | D:4      | Reached skill level 4 in Spellcasting
  2330 | D:4      | Reached skill level 1 in Air Magic
  2330 | D:4      | Reached skill level 1 in Poison Magic
  2330 | D:4      | Reached XP level 5. HP: 23/33 MP: 2/11
  2330 | D:4      | Reached XP level 6. HP: 27/38 MP: 2/12
  3718 | D:4      | Reached XP level 7. HP: 35/43 MP: 3/14
  3933 | D:4      | HP: 2/45 [poisoned by a worker ant]
  5153 | D:6      | Reached skill level 5 in Spellcasting
  5267 | D:6      | Found a blossoming altar of Fedhas.
  5283 | D:6      | Noticed an oklob plant
  5334 | D:6      | Found a staircase to the Ecumenical Temple.
  5349 | D:6      | Reached XP level 8. HP: 50/51 MP: 12/15
  5354 | Temple   | Entered the Ecumenical Temple
  5424 | Temple   | Became a worshipper of Qazlal Stormbringer
  6324 | D:2      | Found a shimmering altar of Xom.
  6324 | D:2      | Found a burning altar of Makhleb.
  6330 | D:2      | Found a shattered altar of Ashenzari.
  6332 | D:2      | Found an iron altar of Okawaru.
  6334 | D:2      | Found a faded altar of an unknown god.
  6591 | D:2      | Noticed Ijyb
  6605 | D:2      | Killed Ijyb
  6828 | D:3      | Reached * piety under Qazlal
  7707 | D:5      | Found a snail-covered altar of Cheibriados.
  8059 | D:6      | Found a transporter.
  8085 | D:6      | Found a transporter.
  8089 | D:6      | Found a hide-covered altar of Uskayaw.
  8462 | D:6      | Found Cuotz's Gadget Shoppe.
  8683 | D:6      | Reached skill level 6 in Spellcasting
  8813 | D:6      | Reached XP level 9. HP: 57/57 MP: 11/18
  8833 | D:6      | Found a sparkling altar of Nemelex Xobeh.
  9014 | D:7      | Reached ** piety under Qazlal
  9050 | D:7      | Reached skill level 1 in Throwing
  9222 | D:7      | Noticed Menkaure
  9230 | D:7      | Killed Menkaure
  9497 | D:7      | Reached skill level 5 in Long Blades
  9540 | D:7      | Reached skill level 5 in Poison Magic
  9824 | D:8      | Noticed a hornet
  9829 | D:7      | Paralysed by a hornet for 2 turns
  9881 | D:7      | Killed a hornet
 10227 | D:7      | Reached XP level 10. HP: 43/64 MP: 13/20
 10602 | D:8      | Found a shadowy altar of Dithmenos.
 10659 | D:8      | Found a glowing silver altar of Zin.
 10698 | D:7      | Reached skill level 7 in Spellcasting
 11750 | D:8      | Noticed Erica
 11793 | D:8      | Killed Erica
 11793 | D:8      | Reached skill level 5 in Fighting
 11793 | D:8      | Reached skill level 1 in Fire Magic
 12272 | D:9      | Found a staircase to the Lair.
 12392 | D:9      | Reached *** piety under Qazlal
 12392 | D:9      | Reached skill level 5 in Dodging
 12468 | D:9      | HP: 2/66 [hippogriff (5)]
 12832 | D:9      | Noticed a manticore
 12911 | D:9      | Killed a manticore
 13117 | D:9      | Noticed a two-headed ogre
 13159 | D:9      | Killed a two-headed ogre
 13159 | D:9      | Reached skill level 1 in Evocations
 13159 | D:9      | Reached XP level 11. HP: 72/72 MP: 15/22
 13200 | D:9      | Noticed a deep elf mage
 13206 | D:9      | Killed a deep elf mage
 13251 | D:9      | Identified the Guide on Talismans and Stones
 13340 | D:8      | Learned a level 2 spell: Poisonous Vapours
 13345 | D:8      | Learned a level 4 spell: Olgreb's Toxic Radiance
 13349 | D:8      | Learned a level 3 spell: Tukima's Dance
 13351 | D:8      | Learned a level 1 spell: Corona
 13353 | D:8      | Learned a level 1 spell: Infusion
 13379 | D:9      | Reached skill level 1 in Charms
 13516 | D:9      | Reached skill level 1 in Axes
 13688 | D:9      | Found a radiant altar of Vehumet.
 13735 | D:9      | Noticed Maurice
 13751 | D:9      | Killed Maurice
 13751 | D:9      | Reached skill level 1 in Polearms
 14074 | D:9      | Reached skill level 8 in Spellcasting
 14138 | D:10     | Entered Level 10 of the Dungeon
 14210 | D:10     | Reached skill level 1 in Hexes
 14238 | D:10     | Slain by an unseen horror

Illustrated notes

Levels and vault maps discovered:
D:1:      dpeg_arrival_another_circle, layout_loops_corners
D:2:      kennysheep_the_goblin_king, layout_basic,
          chequers_temple_overflow_minitemple, marbit_many_paths
D:3:      layout_basic, kennysheep_slug_shrine
D:4:      layout_rooms, uniq_grinder
D:5:      layout_loops_ring, first_ration, chei_slow_surprise
D:6:      layout_basic, tgw_fedhas, nemelex_xobeh_ov_fountains_minmay,
          gammafunk_temple_overflow_arena, minmay_temple_entry_ruins,
          serial_shops, shop, kennysheep_nondescript
D:7:      layout_basic, minivault_27, grunt_livestock, uniq_menkaure
D:8:      layout_loops_cross, old_standard_altar, lemuel_crystal_altar,
          uniq_erica
D:9:      minmay_the_grid_octo_triangle [minmay_the_grid_octo_toaster,
          minmay_the_grid_octo_prize_star, minmay_the_grid_octo_concentric],
          layout_loops_cross, vehumet_crystals, lair_entry_dummy,
          dk_rats_in_the_wall, uniq_maurice
D:10:     layout_irregular_city, uniq_psyche, uniq_erolcha
Temple:   dpeg_chambers_temple

Skill      XL: |  1  2  3  4  5  6  7  8  9 10 11 |
---------------+----------------------------------+-----
Fighting       | 1 2 3 4 5 |  5.4
Long Blades    | 1 3 4 5 7 |  7.8
Spellcasting   | 4 5 6 7 8 |  8.1
Conjurations   | 2 3 4 |  4.7
Air Magic      | 1 2 3 4 |  4.7
Poison Magic   | 1 2 3 4 5 6 |  6.3
Translocations | 2 |  2.9
Dodging        | 3 5 |  5.2
Throwing       | 2 3 |  3.2
Fire Magic     | 2 |  2.4
Evocations     | 1 2 |  2.0
Charms         | 1 |  1.5
Axes           | 1 |  1.6
Polearms       | 1 |  1.0
Hexes          | 1 |  1.1
Short Blades   | |  0.1
Maces & Flails | |  0.7
Stealth        | |  2.6
Summonings     | |  1.0

Action                   |  1- 3 |  4- 6 |  7- 9 | 10-12 || total
-------------------------+-------+-------+-------+-------++-------
Melee: Mace              |    22 |       |       |       ||    22
       Constrict         |    13 |    22 |    68 |    28 ||   131
       Tentacles         |     5 |    12 |    46 |    40 ||   103
       Long sword        |     2 |    31 |   157 |   106 ||   296
       Short sword       |       |     1 |     1 |     6 ||     8
       Scimitar          |       |       |       |    74 ||    74
       Trident           |       |       |       |    52 ||    52
       War axe           |       |       |       |     3 ||     3
       Battleaxe         |       |       |       |    29 ||    29
Throw: Dart              |       |       |    46 |    42 ||    88
       Boomerang         |       |       |     6 |       ||     6
 Cast: Magic Dart        |    29 |    79 |   204 |    93 ||   405
       Mephitic Cloud    |       |     1 |    21 |    25 ||    47
       Blink             |       |       |     8 |     8 ||    16
       Conjure Flame     |       |       |       |     7 ||     7
       Corona            |       |       |       |     1 ||     1
  Use: Scroll            |       |     4 |     2 |    11 ||    17
       Potion            |       |       |       |     9 ||     9
 Stab: Sleeping          |     3 |     2 |     8 |       ||    13
       Confused          |       |       |     7 |    20 ||    27
  Eat: Chunk             |       |     6 |    16 |     5 ||    27
       Ration            |       |     1 |     1 |     3 ||     5
Armor: Skin              |     3 |     3 |     9 |   105 ||   120
Dodge: Dodged            |    31 |    57 |   210 |   187 ||   485
Block: Other             |       |       |    14 |    37 ||    51
       Rpst.: Long sword |     3 |    16 |    56 |    19 ||    94
       Scimitar          |       |       |       |    12 ||    12

Table legend:
 A = Non-vault XP
 B = Vault XP
 C = Vault XP percentage of total XP
 D = Non-vault monster count
 E = Vault monster count
 F = Vault count percentage of total count
                 A         B        C        D         E       F
            +---------+---------+-------+---------+---------+-------
      Total |    6570 |    6266 |  48.8 |     203 |      38 |  15.8
            +---------+---------+-------+---------+---------+-------
        D:1 |      38 |       0 |   0.0 |      15 |       0 |   0.0
        D:2 |     127 |      48 |  27.4 |      25 |       8 |  24.2
        D:3 |      25 |       4 |  13.8 |       9 |       1 |  10.0
        D:4 |     483 |     249 |  34.0 |      31 |       1 |   3.1
        D:5 |     367 |       5 |   1.3 |      16 |       1 |   5.9
        D:6 |    1178 |       0 |   0.0 |      33 |       0 |   0.0
        D:7 |    1691 |     904 |  34.8 |      25 |       6 |  19.4
        D:8 |    1276 |    1180 |  48.0 |      25 |       3 |  10.7
        D:9 |    1057 |    3876 |  78.6 |      17 |      18 |  51.4
       D:10 |     328 |       0 |   0.0 |       7 |       0 |   0.0
            +---------+---------+-------+---------+---------+-------
